 Dungeon Crawl Stone Soup version 0.31-a0-188-g5e087ee2ca (webtiles) character file.

Game seed: 3385582780279864810

28 qw the Shooter (level 2, 0/16 HPs)
             Began as a Deep Elf Hunter on June 23, 2023.
             Succumbed to their own poison gas
             ... on level 1 of the Dungeon.
             The game lasted 00:00:12 (669 turns).

qw the Shooter (Deep Elf Hunter)                     Turns: 669, Time: 00:00:13

Health: 0/16       AC:  3    Str:  8    XL:     2   Next: 96%
Magic:  4/4        EV: 12    Int: 13    God:
Gold:   33         SH:  0    Dex: 18    Spells: 1/1 levels left

rFire   . . .        Y - +0 shortbow
rCold   . . .        (shield currently unavailable)
rNeg    . . .        c - +0 leather armour
rPois   .            (no helmet)
rElec   .            (no cloak)
rCorr   .            (no gloves)
SInv    .            (no boots)
Will    .....        (no amulet)
Stlth   ++           (no ring)
HPRegen 0.22/turn    (no ring)
MPRegen 0.09/turn

%: no passive effects
@: lethally poisoned (0 -> -3)
A: no striking features
a: no special abilities


You were on level 1 of the Dungeon.
You visited 1 branch of the dungeon, and saw 1 of its levels.

You collected 33 gold pieces.


   Skills:
 - Level 1.5 Fighting
 + Level 6.6 Ranged Weapons
 - Level 2.4 Dodging
 - Level 1.2 Stealth


You had one spell level left.
You didn't know any spells.
Your spell library was empty.

Inventory:

Hand Weapons
 Y - a +0 shortbow (weapon)
Armour
 c - a +0 leather armour (worn)
Scrolls
 a - a scroll of identify
Potions
 g - a potion of attraction {unknown}

Dungeon Overview and Level Annotations

Branches:
Dungeon (1/15)

Altars:


Message History

Your surroundings suddenly seem different.
Enter note:
Enter note:
Enter note:
660 ||| READING scroll labelled IBUWNE FAUSUY.
As you read the scroll labelled IBUWNE FAUSUY, it crumbles to dust.
You hear a loud clanging noise!
It was a scroll of noise.
661 ||| READING scroll labelled FOIQYFREAWN.
The air fills with toxic fumes!
As you read the scroll labelled FOIQYFREAWN, it crumbles to dust.
It was a scroll of poison.
662 ||| DROPPING scroll of butterflies.
You drop a scroll of butterflies.
(D) Dungeon
Where to? (* - list waypoints, ? - help)
What level of the Dungeon? (default 1, ? - help) Sorry, I don't know how to get there.
Enter note:
Enter note:
Enter note:
Enter note:
Enter note:
Enter note: Really walk into that cloud of poison gas?
You are engulfed in poison gas.
You are lethally poisoned!
You feel very sick.
664 ||| Stepping ~*~*~tactically~*~*~ (cloud).
You feel very sick.
You see here a scroll of butterflies.
There is a lethal amount of poison in your body!
You feel very sick.
There is a lethal amount of poison in your body!
You feel sick.
There is a lethal amount of poison in your body!
You feel sick.
There is a lethal amount of poison in your body!
You feel sick.
There is a lethal amount of poison in your body!
You die...

###.###.# #.# #.# ......#.##
#.# #.# #####.#..## #.# #0#
..........###.####¤#####
#+#'#+##.......¤0¤0¤¤¤¤#
#.#.#.######..##¤¤¤¤¤#0########
7.P.P.7## #...0¤¤0¤0¤¤¤......#
)......## #.###¤¤0¤¤#.######.#
...<...#####.###@¤¤¤0#%# #.#
#########..#.##00¤¤###.# #.#
}..>..}###.#.##¤#### #.# #.#
.......###.#.##¤# #.# #.#
}.7_7.}###.#.##¤######.# #.#
###7######.#..¤0.......# #.###
### #####...###0######## #....
#.....¤¤.# ####. #...###..# #.


There were no monsters in sight!

Vanquished Creatures
  2 dart slugs (D:1)
  A bat (D:1)
  3 endoplasms (D:1)
  3 goblins (D:1)
  3 hobgoblins (D:1)
  2 kobolds (D:1)
  A quokka (D:1)
  2 ball pythons (D:1)
  2 frilled lizards (D:1)
  A rat (D:1)
20 creatures vanquished.

Notes
Turn   | Place    | Note
-------+----------+-------------------------------------------
     0 | D:1      | qw the Deep Elf Hunter began the quest for the Orb.
     0 | D:1      | Reached XP level 1. HP: 12/12 MP: 3/3
     0 | D:1      | 0 ||| qw: Version: 0.3-a-9-g12657ce
     0 | D:1      | 0 ||| qw: Game counter: 3412
     0 | D:1      | 0 ||| qw: Always use a shield: true
     0 | D:1      | 0 ||| qw: God list: Okawaru
     0 | D:1      | 0 ||| qw: Allow faded altars: false
     0 | D:1      | 0 ||| qw: Do Orc after D:15 true
     0 | D:1      | 0 ||| qw: Do second Lair branch before Depths: true
     0 | D:1      | 0 ||| qw: Lair rune preference: random
     0 | D:1      | 0 ||| qw: Plans: Normal
     0 | D:1      | 0 ||| PLANNING D:1-11
   128 | D:1      | Reached skill level 6 in Ranged Weapons
   128 | D:1      | Reached XP level 2. HP: 14/16 MP: 4/4
   262 | D:1      | 262 ||| Stepping ~*~*~tactically~*~*~ (outnumbered).
   269 | D:1      | 269 ||| FLEEEEING.
   654 | D:1      | 654 ||| READING 2 scrolls labelled WAKITI RASASSAN.
   655 | D:1      | 655 ||| READING scroll labelled YHAEGRI DAME.
   660 | D:1      | 660 ||| READING scroll labelled IBUWNE FAUSUY.
   661 | D:1      | 661 ||| READING scroll labelled FOIQYFREAWN.
   662 | D:1      | 662 ||| DROPPING scroll of butterflies.
   664 | D:1      | 664 ||| Stepping ~*~*~tactically~*~*~ (cloud).
   666 | D:1      | HP: 3/16 [poisoned by you (poison gas)]
   668 | D:1      | HP: 1/16 [poisoned by you (poison gas)]
   669 | D:1      | Succumbed to their own poison gas

Levels and vault maps discovered:
D:1:      spicycebolla_arrival_ecumenical, layout_loops_ring, st_stairs_1,
          amethyst_killhole

Skill      XL: |  1 |
---------------+----+-----
Ranged Weapons | 6 |  6.6
Fighting       | |  1.5
Dodging        | |  2.4
Stealth        | |  1.2

Action                     || total
---------------------------++-------
   Fire: Shortbow          ||    44
    Use: Scroll            ||     4
 Armour: Leather armour    ||     7
  Dodge: Dodged            ||     7

Table legend:
 A = Non-vault XP
 B = Vault XP
 C = Vault XP percentage of total XP
 D = Non-vault monster count
 E = Vault monster count
 F = Vault count percentage of total count
                 A         B        C        D         E       F
            +---------+---------+-------+---------+---------+-------
      Total |      32 |       8 |  20.0 |      17 |       3 |  15.0
            +---------+---------+-------+---------+---------+-------
        D:1 |      32 |       8 |  20.0 |      17 |       3 |  15.0
            +---------+---------+-------+---------+---------+-------
